 Dungeon Sprint DCSS version 0.21-a0-50-g941c862 (webtiles) character file.

42 Kidiri the Ruffian (level 3, -5/37 HPs)
             Began as a Troll Monk on June 11, 2017.
             Was a Believer of Uskayaw.
             Slain by an ice beast (13 damage)
             ... in the Dungeon (Sprint VII: "The Pits").
             The game lasted 00:02:26 (263 turns).

Kidiri the Ruffian (Troll Monk)                      Turns: 263, Time: 00:02:27

Health: -5/37      AC:  5    Str: 19    XL:     3   Next: 33%
Magic:  0/3        EV: 11    Int:  6    God:    Uskayaw [**....]
Gold:   0          SH:  0    Dex: 13    Spells: 2/2 levels left

rFire    . . .     SeeInvis .     - Unarmed
rCold    . . .     Gourm    +   (no shield)
rNeg     . . .     Faith    .   a - +0 robe
rPois    .         Spirit   .   (helmet restricted)
rElec    .         Reflect  .   (no cloak)
rCorr    .         Harm     .   (gloves unavailable)
MR       .....     NoTele   +   (boots unavailable)
Stlth    ++........             (no amulet)
Regen    0.6/turn               (no ring)
MPRegen  0.1/turn               (no ring)

@: lethally poisoned (-5 -> -5)
A: unfitting armour, claws 3, fast metabolism 3, gourmand, regeneration 1,
shaggy fur 1, tough skin 2
a: Stomp, Line Pass, Renounce Religion


You were in the Dungeon.
You worshipped Uskayaw.
Uskayaw was noncommittal.
You were not hungry.

You visited 1 branch

Inventory:

Armour
 a - a +0 robe (worn)
Scrolls
 h - a scroll of blinking
 j - 3 scrolls of remove curse
 k - 5 scrolls of amnesia
 l - a scroll of summoning
Potions
 c - 6 potions of curing
 d - 5 potions of heal wounds
 e - a potion of haste
 f - 4 potions of magic
 g - 3 potions of berserk rage
 i - 2 potions of invisibility
Comestibles
 b - 9 bread rations
 m - 40 fruits
 n - 7 meat rations


   Skills:
 * Level 3.2 Fighting
 + Level 1.4 Armour
 * Level 3.5 Dodging
 * Level 2.0 Stealth
 * Level 4.4 Unarmed Combat
 + Level 1.4 Invocations


You had 2 spell levels left.
You didn't know any spells.

Dungeon Overview and Level Annotations

Branches:
Dungeon (1/1)

Altars:
Ashenzari
Cheibriados
Dithmenos
Elyvilon
Fedhas
Gozag
Hepliaklqana
Kikubaaqudgha
Makhleb
Nemelex Xobeh
Okawaru
Qazlal
Ru
Sif Muna
Trog
Uskayaw
Vehumet
Wu Jian
Xom
Yredelemnul
Zin
The Shining One
Beogh
Jiyva
Lugonu


Innate Abilities, Weirdness & Mutations

You are too large for most types of armour.
You have claws for hands.
Your metabolism is lightning-fast.
You like to eat raw meat.
Your natural rate of healing is unusually fast.
You are covered in fur. (AC +1)
You have very tough skin. (AC +2)


Message History

There is an open door here.
You feel sick.
Unknown command.
You feel sick.
Okay, then.
You claw the frilled lizard!
You kill the frilled lizard!
You closely miss the ice beast.
The ice beast is moderately wounded.
You feel sick. The ice beast barely misses you.
You claw the ice beast!
The ice beast is almost dead.
The ice beast hits you but does no damage.
You can now pass through a line of other dancers.
You barely miss the ice beast.
The ice beast is almost dead.
You feel sick. The ice beast hits you.
* * * LOW HITPOINT WARNING * * *
The ice beast freezes you!
You die...

#...........'.....
#'#####+#####.....
#.#...#.#..##.....
#.#...#.#))#####+#
#.#...+)#))##.....
#.##+####))##.....
#.#..)..#[[##.....
#.#.....#+###...<.
#@#........##.....
#Y#........##.....
#s###########.....
#.......# ######
#.......#
#...#...#
#..###..# #... ..#
#.... .#


You could see an ice beast and a scorpion.

Vanquished Creatures
  A gnoll (D)
  2 ufetubi (D)
  An ooze (D)
  2 bat skeletons (D)
  A goblin (D)
  A hobgoblin (D)
  6 jackals (D)
  A ball python (D)
  2 frilled lizards (D)
17 creatures vanquished.

Notes
Turn   | Place    | Note
-------+----------+-------------------------------------------
     0 | D        | Kidiri the Troll Monk began the quest for the Orb.
     0 | D        | Reached XP level 1. HP: 22/22 MP: 0/0
    21 | D        | Found a bloodstained altar of Trog.
    21 | D        | Found a deep blue altar of Sif Muna.
    21 | D        | Found a viscous altar of Jiyva.
    21 | D        | Found a hazy altar of Hepliaklqana.
    21 | D        | Found an opulent altar of Gozag.
    22 | D        | Found a glowing golden altar of the Shining One.
    22 | D        | Found a glowing silver altar of Zin.
    22 | D        | Found a basalt altar of Yredelemnul.
    22 | D        | Found a shimmering altar of Xom.
    22 | D        | Found an ornate altar of the Wu Jian Council.
    22 | D        | Found a sacrificial altar of Ru.
    22 | D        | Found a stormy altar of Qazlal.
    22 | D        | Found an iron altar of Okawaru.
    22 | D        | Found a sparkling altar of Nemelex Xobeh.
    22 | D        | Found a burning altar of Makhleb.
    22 | D        | Found a blossoming altar of Fedhas.
    22 | D        | Found a white marble altar of Elyvilon.
    22 | D        | Found a shadowy altar of Dithmenos.
    22 | D        | Found a snail-covered altar of Cheibriados.
    24 | D        | Found a radiant altar of Vehumet.
    24 | D        | Found a corrupted altar of Lugonu.
    24 | D        | Found a roughly hewn altar of Beogh.
    25 | D        | Found a hide-covered altar of Uskayaw.
    25 | D        | Found an ancient bone altar of Kikubaaqudgha.
    25 | D        | Found a shattered altar of Ashenzari.
    33 | D        | Became a worshipper of Uskayaw the Reveler
    33 | D        | Reached * piety under Uskayaw
    87 | D        | Reached ** piety under Uskayaw
   105 | D        | Reached *** piety under Uskayaw
   106 | D        | Reached XP level 2. HP: 28/29 MP: 1/1
   112 | D        | Reached **** piety under Uskayaw
   137 | D        | Reached skill level 1 in Armour
   141 | D        | Reached skill level 1 in Invocations
   151 | D        | Reached skill level 4 in Unarmed Combat
   151 | D        | Reached XP level 3. HP: 33/37 MP: 2/2
   219 | D        | Noticed an ice beast
   250 | D        | Noticed a scorpion
   263 | D        | Slain by an ice beast

Vault maps used:
D:        pitsprint

Skill      XL: |  1  2  3 |
---------------+----------+-----
Dodging        | 3 |  3.5
Armour         | 1 |  1.4
Invocations    | 1 |  1.4
Fighting       | 3 |  3.2
Unarmed Combat | 4 |  4.4
Stealth        | 2 |  2.0

Action                   || total
-------------------------++-------
Melee: Unarmed           ||    54
       Punch             ||     1
Invok: Stomp             ||     1
  Use: Potion            ||     1
 Stab: Paralysed         ||     1
  Eat: Chunk             ||     3
Armor: Robe              ||    15
Dodge: Dodged            ||    48
